 Dungeon Crawl Stone Soup version 0.28-a0-819-g6ef7baa362 (webtiles) character file.

Game seed: 5856220164049296398

5 croobank the Vexing (level 1, -1/7 HPs)
             Began as a Felid Enchanter on Nov 9, 2021.
             Slain by a frilled lizard (2 damage)
             ... on level 1 of the Dungeon.
             The game lasted 00:02:09 (330 turns).

croobank the Vexing (Felid Enchanter)                Turns: 330, Time: 00:02:09

Health: -1/7       AC:  1    Str:  4    XL:     1   Next: 66%
Magic:  4/4        EV: 17    Int: 16    God:
Gold:   0          SH:  0    Dex: 16    Spells: 4/4 levels left
                                        Lives:  0   Deaths: 0

rFire   . . .      SeeInvis +     - Unarmed
rCold   . . .      Faith    .   (shield unavailable)
rNeg    . . .      Spirit   .   (armour unavailable)
rPois   .          Reflect  .   (helmet unavailable)
rElec   .          Harm     .   (cloak unavailable)
rCorr   .          Rampage  .   (gloves unavailable)
Will    .....                   (boots unavailable)
Stlth   +++.......              (no amulet)
HPRegen 0.02/turn               (no ring)
MPRegen 0.09/turn               (no ring)

@: quick
A: very small, claws 1, fangs 3, see invisible, speed 1, shaggy fur 1, stealthy
paws, no weapons or thrown items, no armour, multi-lived
a: no special abilities


You were on level 1 of the Dungeon.
You visited 1 branch of the dungeon, and saw 1 of its levels.

Inventory:

Potions
 a - a potion of invisibility


   Skills:
 + Level 2.7 Dodging
 + Level 4.2 Stealth
 + Level 1.0 Unarmed Combat
 + Level 2.0 Spellcasting
 + Level 4.6 Hexes


You had 4 spell levels left.
You didn't know any spells.
Your spell library contained the following spells:

 Spells                   Type           Power      Damage    Failure   Level
 Confusing Touch          Hex            16%        N/A       9%          3
 Tukima's Dance           Hex            16%        N/A       9%          3
 Ensorcelled Hibernation  Hex/Ice        18%        N/A       12%         2
 Dazzling Flash           Conj/Hex       18%        N/A       24%         3
 Gell's Gravitas          Tloc           1%         N/A       52%         3
 Teleport Other           Tloc           1%         N/A       52%         3
 Dispersal                Tloc           0%         N/A       100%        6


Dungeon Overview and Level Annotations

Branches:
Dungeon (1/15)

Altars:

Shops:
D:1 *


Innate Abilities, Weirdness & Mutations

You have sharp claws.
You have razor-sharp teeth.
You have supernaturally acute eyesight. (SInv)
You cover ground quickly. (Speed+)
You are covered in fur. (AC +1)
Your paws help you pounce on unaware monsters.
You are incapable of wielding weapons or throwing items.
You cannot wear armour.
You gain extra lives every three experience levels.


Message History

You kill the endoplasm!
The ball python completely misses you. x2
You scratch the ball python.
The ball python is heavily wounded.
The ball python completely misses you. The ball python misses you.
The ball python barely misses you. The ball python completely misses you.
You scratch the ball python.
The ball python is severely wounded.
The ball python closely misses you. The ball python grabs you.
The ball python constricts you.
You closely miss the ball python.
The ball python is severely wounded.
The ball python bites you. The ball python constricts you.
You scratch the ball python.
You kill the ball python!
You start resting.
HP restored.
Found a There-And-Back Book.
You pick up a There-And-Back Book and begin reading...
You add the spells Gell's Gravitas, Teleport Other and Dispersal to your library.
There is an entrance to Jan Xech's General Store here.
You have 0 gold pieces.
Found 16 stones.
Found a dagger.
Found a stone staircase leading down.
You see here 16 stones.
b - 16 stones You drop 16 stones.
A frilled lizard and a quokka come into view.
The frilled lizard hisses angrily.
The frilled lizard moves out of view.
A quokka comes into view.
The quokka barely misses you. The quokka closely misses you.
The frilled lizard misses you.
You miss the quokka. The quokka bites you.
Ouch! That really hurt!
The quokka bites you.
* * * LOW HITPOINT WARNING * * *
The frilled lizard bites you.
You die...

#.........................
######.####....###........
#......######### #..#....#
#......##....# #..#....#
#..#...#.....# #..####..
#....#.#.....#####..# #.#
#....#.#........###.####.#
#....#.#rl...## #..[....
#...##.#r@....# ##.#####
#.............# #.##...
#..###........# #.##.##
#.. ###.###### #.##.#. #..
..# #..#.#. #.. ####
..#####.#'#. #..
............ ...
.#.......... #........).


You could see 2 quokkas and a frilled lizard.

Vanquished Creatures
  A ball python (D:1)
  An endoplasm (D:1)
  A quokka (D:1)
  A bat (D:1)
  A kobold (D:1)
5 creatures vanquished.

Notes
Turn   | Place    | Note
-------+----------+-------------------------------------------
     0 | D:1      | croobank the Felid Enchanter began the quest for the Orb.
     0 | D:1      | Reached XP level 1. HP: 7/7 MP: 4/4
    88 | D:1      | Found Jan Xech's General Store.
   330 | D:1      | Slain by a frilled lizard

Illustrated notes

Levels and vault maps discovered:
D:1:      roderic_dead_forest, layout_basic, serial_shops, nicolae_shop_crystal

Action                   || total
-------------------------++-------
Melee: Unarmed           ||    13
       Bite              ||     1
 Stab: Sleeping          ||     2
Dodge: Dodged            ||    14

Table legend: (Time is in decaauts)
 A = Elapsed time spent in this place.
 B = Non-inter-level travel time spent in this place.
 C = Inter-level travel time spent in this place.
 D = Time resting spent in this place.
 E = Time spent auto-exploring this place.
 F = Levels seen in this place.
 G = Mean time per level.
                   A        B        C        D        E       F      G
               +--------+--------+--------+--------+--------+-----+--------+
         Total |    301 |    301 |      0 |    172 |     75 |   1 |  301.0 |
       Dungeon |    301 |    301 |      0 |    172 |     75 |   1 |  301.0 |
               +--------+--------+--------+--------+--------+-----+--------+

Top non-repeatable levels by time:
     D:1: 301 daAuts
